Map: Cerulean Fall LE

Players

HiveMind

  • Race: Zerg Zerg
  • League: Diamond
  • Spawn Location: 1:00

BabyBamBoo - Winner!

  • Race: Protoss Protoss
  • League: Diamond
  • Spawn Location: 7:00

VOD

Have the link to the VOD?

Description

Time

  • Played on: Jan. 14, 2019, 11:27 p.m.
  • Length: 63:24
Show
View Real Time Build Order
Export as new Build Order

HiveMind Zerg 

Build Orders: Hatch First 

Get SALT Encoding   

  12  0:01  Drone  
  13  0:15  Overlord  
  13  0:23  Drone  
  14  0:33  Drone x2  
  16  0:51  Hatchery  
  16  0:56  Drone  
  16  0:59  Extractor  
  16  1:00  Drone  
  16  1:14  Drone  
  17  1:27  Spawning Pool  
  16  1:40  Drone  
  16  1:41  Drone  
  18  1:59  Overlord  
  18  2:05  Drone  
  19  2:14  Drone x2  
  21  2:24  Hatchery  
  20  2:30  Zergling x2  
  21  2:40  Drone x3  
  24  2:52  Roach Warren  
  24  2:53  Drone  
  24  2:54  Drone  
  24  2:57  Drone  
  22  3:21  Hatchery  
  21  3:28  Queen  
  21  3:31  Drone  
  24  3:38  Roach  
  24  3:40  Roach  
  28  3:45  Roach  
  30  3:51  Zergling x2  
  31  4:22  Ravager  
  31  4:24  Ravager  
  31  4:25  Ravager  
  33  4:32  Queen  
  33  4:36  Spine Crawler  
  33  4:38  Spine Crawler  
  33  4:48  Roach  
  33  4:49  Roach x2  
  36  5:03  Overlord x2  
  36  5:21  Queen  
  38  5:32  Drone  
  37  5:38  Roach  
  37  5:39  Roach x5  
  49  5:45  Extractor  
  49  5:49  Spore Crawler  
  47  6:05  Overlord x2  
  47  6:08  Hatchery  
  46  6:18  Lair  
  46  6:41  Drone x6  
  46  6:43  Ravager  
  53  6:55  Evolution Chamber  
  53  6:59  Drone  
  53  7:00  Drone  
  54  7:11  Overlord  
  54  7:14  Overlord  
  54  7:18  Hydralisk Den  
  53  7:25  Drone x2  
  53  7:26  Drone  
  56  7:32  Drone x2  
  56  7:36  Drone  
  59  7:38  Overseer  
  59  7:48  Queen  
  61  7:54  Hydralisk  
  63  7:59  Hydralisk  
  65  8:17  Hatchery  
  64  8:25  Hydralisk  
  64  8:26  Hydralisk  
  68  8:35  Overseer  
  68  8:50  Drone x7  
  68  8:51  Drone  
  68  8:54  Drone  
  77  9:18  Drone x5  
  77  9:22  Extractor x2  
  77  9:23  Zerg Missile Weapons Level 1  
  80  9:25  Hydralisk x2  
  80  9:27  Overlord  
  80  9:29  Overlord  
  84  9:39  Infestation Pit  
  83  9:52  Queen  
  85  9:53  Drone x7  
  85  9:58  Drone x2  
  94  10:09  Ravager x4  
  94  10:10  Ravager  
  99  10:28  Drone x7  
  106  10:30  Overlord x3  
  106  10:31  Overlord  
  106  10:47  Overlord x2  
  106  10:48  Overlord  
  103  11:17  Hatchery  
  74  11:34  Hydralisk  
  74  11:35  Hydralisk x12  
  74  11:36  Hydralisk  
  102  11:45  Spore Crawler  
  101  11:47  Hydralisk  
  96  12:04  Grooved Spines  
  94  12:14  Overlord x2  
  85  12:56  Overseer  
  85  13:01  Drone x4  
  85  13:02  Drone x2  
  91  13:11  Zerg Missile Weapons Level 2  
  91  13:15  Muscular Augments  
  91  13:30  Spore Crawler  
  91  13:31  Spore Crawler  
  91  13:33  Spore Crawler  
  88  13:40  Spore Crawler  
  87  13:49  Overseer  
  87  14:27  Spore Crawler  
  87  14:28  Hatchery  
  87  14:30  Spore Crawler  
  84  14:36  Spore Crawler  
  83  15:23  Spore Crawler  
  49  15:54  Drone x2  
  41  16:14  Hatchery  
  40  16:55  Hydralisk x8  
  56  17:10  Hydralisk x3  
  62  17:16  Hydralisk  
  64  17:28  Drone  
  65  17:38  Overlord x3  
  65  17:56  Hydralisk  
  65  17:57  Hydralisk x3  
  73  18:05  Extractor x2  
  72  18:10  Hydralisk  
  72  18:11  Hydralisk  
  53  18:43  Hive  
  53  18:50  Drone x12  
  65  18:57  Extractor  
  64  19:46  Drone  
  64  19:47  Drone x2, Extractor, Overlord x2  
  64  19:48  Overlord x2  
  64  19:50  Drone x4  
  70  19:58  Viper  
  73  20:01  Viper  
  73  20:03  Viper  
  73  20:27  Metabolic Boost  
  73  20:31  Hatchery  
  72  21:17  Unknown  
  72  21:18  Unknown  
  72  21:20  Unknown  
  47  21:38  Overlord x3  
  47  21:39  Overlord x6  
  47  21:58  Viper  
  50  22:13  Extractor  
  49  22:16  Extractor  
  49  22:18  Drone x3  
  49  22:19  Drone x11  
  49  22:20  Spore Crawler x2  
  49  22:21  Spore Crawler  
  59  22:23  Spore Crawler  
  58  22:30  Viper  
  61  22:41  Extractor  
  60  22:56  Drone x2  
  62  23:11  Roach  
  62  23:12  Roach x9  
  82  23:22  Hatchery  
  82  23:24  Hydralisk  
  82  23:25  Hydralisk x2  
  87  23:32  Queen  
  89  23:37  Ravager x4  
  89  23:40  Ravager  
  94  23:46  Ravager  
  95  23:52  Ravager  
  96  23:57  Ravager  
  97  24:02  Ravager  
  97  24:08  Ravager  
  97  24:33  Hydralisk  
  97  24:34  Hydralisk x6  
  111  24:42  Unknown  
  111  24:43  Unknown x3  
  111  24:44  Unknown  
  93  25:14  Viper x2  
  99  25:31  Drone x21  
  99  25:33  Overlord x5  
  120  25:42  Zerg Ground Armor Level 1  
  120  26:01  Extractor  
  120  26:02  Extractor  
  118  26:06  Overseer x2  
  118  26:13  Spore Crawler, Hatchery  
  118  26:14  Spore Crawler  
  118  26:16  Drone x3  
  118  26:17  Drone x3  
  121  26:29  Queen  
  123  26:33  Hydralisk  
  123  26:34  Hydralisk x5  
  133  26:49  Spire  
  133  26:53  Hydralisk Den  
  131  26:59  Hydralisk x5  
  131  27:00  Hydralisk x2  
  145  27:04  Queen  
  147  27:21  Overlord x4  
  147  27:22  Overlord x3  
  143  27:46  Unknown x2  
  143  27:47  Unknown x2  
  113  28:05  Hydralisk  
  107  28:06  Hydralisk x14  
  128  28:29  Corruptor x5  
  128  28:30  Corruptor  
  127  28:37  Hydralisk  
  127  28:38  Hydralisk x4  
  117  28:49  Hydralisk Den  
  114  29:05  Hydralisk x7  
  82  29:33  Hydralisk  
  82  29:34  Hydralisk x7  
  89  29:44  Hydralisk  
  89  29:45  Hydralisk  
  93  29:53  Queen  
  95  30:02  Drone x11  
  106  30:09  Extractor  
  106  30:11  Extractor  
  106  30:13  Spore Crawler  
  103  30:14  Spore Crawler, Hydralisk  
  103  30:15  Hydralisk  
  106  30:23  Hydralisk  
  106  30:24  Hydralisk x2  
  112  30:33  Queen  
  114  30:35  Hydralisk x2  
  112  30:49  Viper  
  108  30:50  Viper  
  108  30:53  Hydralisk x2  
  118  31:13  Hatchery  
  118  31:15  Spore Crawler  
  116  31:23  Hatchery  
  111  31:47  Spore Crawler  
  111  31:53  Hydralisk x6  
  118  31:56  Overlord  
  118  31:57  Overlord x6  
  122  32:11  Unknown  
  122  32:12  Unknown  
  119  32:25  Viper x4, Hatchery  
  130  32:31  Queen  
  130  32:33  Drone x5  
  137  32:44  Hydralisk x2  
  137  32:48  Extractor  
  140  32:51  Extractor  
  139  33:05  Drone x2  
  139  33:06  Drone x6, Spore Crawler x2  
  139  33:07  Drone  
  144  33:19  Extractor  
  143  33:23  Lair  
  143  33:41  Drone x11  
  154  33:49  Drone, Overlord  
  154  33:50  Overlord  
  155  34:04  Lurker Den  
  154  34:21  Spawning Pool  
  153  34:39  Unknown  
  153  34:40  Unknown x2  
  137  34:55  Overlord x5  
  137  34:56  Overlord x4  
  137  35:09  Hatchery  
  136  35:17  Overseer  
  136  35:32  Lurker x3  
  136  35:33  Lurker x3  
  136  35:34  Infestation Pit  
  141  35:46  Hydralisk x6  
  141  35:47  Hydralisk x14  
  159  36:13  Hydralisk x8, Zergling x2  
  155  36:48  Hydralisk  
  155  36:49  Hydralisk x11  
  179  37:06  Hydralisk x4  
  149  37:34  Hydralisk x9  
  155  37:55  Drone x2, Queen  
  129  38:55  Hydralisk  
  129  38:56  Hydralisk x5  
  141  39:31  Lair  
  141  39:47  Overlord  
  141  39:48  Hydralisk, Overlord  
  141  39:49  Hydralisk x3  
  149  40:05  Drone x2  
  151  40:26  Hatchery  
  150  40:29  Overseer x2  
  150  40:30  Overseer x5  
  150  40:31  Overseer  
  147  41:01  Unknown  
  77  41:11  Hydralisk  
  77  41:12  Hydralisk x7  
  74  41:42  Drone x5  
  77  42:03  Drone  
  77  42:04  Drone x4  
  58  42:37  Unknown  
  58  42:54  Hatchery  
  57  43:38  Hatchery  
  50  44:17  Spawning Pool  
  50  44:19  Extractor x2  
  47  45:04  Lair  
  47  45:06  Queen  
  49  45:09  Drone x3  
  49  45:12  Overlord x3  
  52  45:42  Queen  
  54  46:04  Queen  
  54  46:05  Hydralisk Den  
  54  46:09  Infestation Pit  
  54  46:12  Drone x6  
  54  46:16  Extractor  
  54  46:17  Drone x3, Queen, Extractor  
  63  46:32  Overlord x2  
  63  46:37  Overlord  
  63  46:42  Drone  
  65  46:47  Drone x4  
  68  47:20  Hydralisk x5  
  78  47:24  Hydralisk x7  
  92  47:37  Hydralisk x2  
  96  47:48  Overseer  
  96  47:49  Overseer  
  96  47:52  Overlord x2  
  96  47:54  Overlord x2  
  96  47:55  Overlord  
  96  47:58  Spore Crawler  
  96  48:02  Spore Crawler  
  96  48:03  Spore Crawler  
  93  48:05  Spore Crawler  
  92  48:22  Spore Crawler  
  92  48:23  Spore Crawler  
  92  48:26  Overlord x2  
  90  48:27  Overlord x2  
  90  48:28  Overlord x2  
  90  48:44  Drone x6  
  96  48:55  Hydralisk x5  
  106  49:10  Swarm Host x6  
  120  49:35  Swarm Host  
  120  49:36  Swarm Host x8  
  146  50:33  Overlord x4  
  146  50:34  Overlord x3  
  146  50:47  Overlord x4  
  146  50:48  Overlord  
  144  50:54  Hydralisk x2  
  147  50:58  Queen  
  146  51:22  Overlord x2  
  146  51:23  Overlord x6  
  146  51:40  Overlord x3  
  146  51:41  Queen, Overlord  
  148  52:13  Hydralisk x8  
  164  53:09  Hydralisk  
  164  53:10  Hydralisk x10  
  186  53:46  Hydralisk, Hatchery  
  186  53:47  Hydralisk x3  
  193  53:59  Evolution Chamber  
  176  54:32  Overseer x3  
  176  54:58  Spore Crawler  
  176  54:59  Spore Crawler  
  171  55:16  Overlord  
  171  55:17  Overlord x12  
  158  55:55  Overlord  
  158  55:56  Overlord x4  
  158  56:42  Overseer x4  
  158  56:45  Hydralisk x2  
  162  56:47  Overlord  
  162  57:05  Queen  
  164  57:32  Hydralisk x3  
  164  57:35  Overlord  
  164  57:36  Overlord x2  
  166  58:22  Overlord x7  
  166  58:25  Overseer  
  166  58:28  Overseer  
  147  59:47  Overlord x8  
  100  61:00  Hydralisk x2  
  100  61:02  Overlord x3  
  100  61:03  Overlord x2  
  91  61:20  Hydralisk x2  
  91  61:36  Hydralisk  
  93  61:40  Hydralisk  
  70  62:11  Hydralisk x3  
  76  62:36  Hydralisk x2  
  80  62:52  Hydralisk x2  
Show
View Real Time Build Order
Export as new Build Order

BabyBamBoo Protoss - Winner!

Build Orders:  

Get SALT Encoding   

  12  0:12  Probe  
  13  0:18  Pylon  
  13  0:20  Probe  
  14  0:28  Probe  
  15  0:39  Probe  
  15  0:42  Forge  
  16  0:51  Probe  
  17  1:01  Pylon  
  17  1:04  Probe  
  18  1:21  Pylon  
  18  1:47  Photon Cannon  
  18  1:49  Photon Cannon  
  18  1:51  Pylon  
  18  1:55  Probe  
  19  2:07  Photon Cannon  
  19  2:20  Probe  
  20  2:23  Photon Cannon  
  20  2:31  Assimilator  
  20  2:35  Assimilator  
  20  2:38  Nexus  
  20  2:47  Probe  
  21  2:55  Probe  
  22  3:05  Probe  
  23  3:17  Probe  
  23  3:19  Pylon  
  24  3:26  Pylon  
  24  3:29  Probe  
  25  3:38  Photon Cannon  
  25  3:47  Photon Cannon  
  25  3:49  Photon Cannon  
  25  3:51  Pylon  
  25  4:02  Pylon  
  25  4:15  Pylon  
  24  4:26  Photon Cannon  
  24  4:31  Photon Cannon  
  24  4:35  Photon Cannon  
  24  4:39  Photon Cannon  
  24  4:49  Photon Cannon  
  24  4:58  Probe  
  25  5:10  Probe  
  26  5:16  Probe  
  26  5:17  Gateway  
  26  5:28  Probe  
  27  5:37  Photon Cannon  
  27  5:40  Probe  
  28  5:44  Assimilator  
  28  5:52  Probe, Assimilator  
  28  5:53  Probe  
  30  6:02  Pylon  
  30  6:04  Probe  
  30  6:05  Probe  
  30  6:07  Cybernetics Core  
  30  6:10  Pylon  
  32  6:13  Pylon  
  32  6:16  Probe  
  32  6:17  Probe  
  34  6:26  Photon Cannon  
  34  6:28  Probe  
  35  6:40  Probe  
  35  6:41  Photon Cannon  
  35  6:43  Pylon  
  36  6:52  Stargate  
  36  6:53  Probe  
  37  6:56  Stargate  
  37  6:57  Stargate  
  37  7:30  Pylon  
  37  7:32  Void Ray x2, Probe  
  37  7:33  Void Ray  
  38  7:37  Photon Cannon  
  38  7:42  Photon Cannon  
  50  7:44  Probe  
  50  7:51  Protoss Air Weapons Level 1  
  51  7:53  Photon Cannon  
  51  8:14  Void Ray  
  55  8:21  Void Ray  
  55  8:23  Void Ray  
  63  8:56  Shield Battery  
  63  8:57  Void Ray  
  63  9:01  Shield Battery  
  67  9:04  Pylon, Photon Cannon  
  67  9:05  Void Ray  
  67  9:08  Void Ray  
  75  9:26  Robotics Facility  
  75  9:29  Protoss Air Armor Level 1  
  75  9:40  Void Ray  
  75  9:41  Pylon  
  75  9:44  Pylon  
  79  10:01  Nexus  
  79  10:10  Observer, Nexus  
  79  10:11  Void Ray  
  84  10:27  Observer  
  84  10:33  Void Ray  
  84  10:34  Void Ray  
  93  11:01  Assimilator  
  93  11:04  Assimilator  
  93  11:06  Pylon  
  93  11:25  Void Ray x2  
  101  11:32  Void Ray  
  104  12:07  Void Ray  
  104  12:08  Void Ray  
  112  12:16  Void Ray  
  116  12:47  Protoss Shields Level 1  
  116  12:50  Void Ray  
  120  12:53  Observer  
  121  13:04  Pylon  
  121  13:07  Photon Cannon  
  121  13:08  Photon Cannon  
  121  13:09  Photon Cannon  
  121  13:12  Shield Battery  
  121  13:13  Shield Battery  
  121  13:14  Observer  
  121  13:15  Shield Battery  
  121  13:16  Pylon  
  121  13:17  Photon Cannon  
  114  13:33  Observer  
  110  13:46  Void Ray x3  
  110  13:53  Shield Battery, Pylon  
  109  13:55  Shield Battery  
  109  14:08  Pylon  
  109  14:38  Observer  
  109  14:52  Nexus  
  109  14:54  Pylon  
  109  14:56  Pylon  
  109  14:59  Forge  
  110  15:00  Observer, Assimilator  
  110  15:04  Assimilator  
  110  15:09  Gateway, Probe  
  110  15:18  Void Ray  
  110  15:19  Void Ray  
  119  15:21  Probe, Observer  
  120  15:39  Void Ray  
  125  15:43  Observer  
  113  16:01  Void Ray  
  117  16:11  Observer  
  117  16:13  Probe  
  117  16:15  Cybernetics Core  
  118  16:21  Probe, Cybernetics Core  
  119  16:31  Probe  
  120  16:43  Probe  
  121  16:55  Probe  
  122  17:02  Void Ray x3  
  122  17:06  Probe  
  135  17:15  Probe  
  135  17:18  Fleet Beacon  
  135  17:22  Probe  
  137  17:23  Probe  
  138  17:33  Probe  
  138  17:34  Probe  
  137  17:45  Probe  
  137  17:46  Probe  
  137  17:48  Protoss Air Weapons Level 2, Protoss Air Armor Level 2  
  139  17:54  Stargate  
  139  17:55  Stargate  
  139  17:57  Observer  
  136  17:58  Probe  
  136  18:00  Void Ray x3  
  149  18:10  Probe  
  150  18:18  Observer  
  150  18:48  Probe  
  151  19:00  Probe  
  152  19:05  Nexus  
  152  19:08  Assimilator  
  152  19:12  Probe  
  152  19:13  Assimilator  
  152  19:14  Pylon  
  153  19:19  Pylon  
  153  19:24  Probe  
  154  19:32  Photon Cannon  
  154  19:34  Photon Cannon  
  154  19:35  Photon Cannon  
  154  19:36  Probe, Photon Cannon  
  154  19:38  Void Ray x4, Shield Battery  
  167  19:42  Shield Battery  
  167  19:43  Pylon  
  171  19:47  Pylon  
  171  19:48  Probe  
  172  20:00  Probe  
  172  20:06  Photon Cannon x2  
  173  20:13  Probe  
  174  20:15  Void Ray  
  178  20:25  Probe  
  179  20:37  Void Ray x4, Probe  
  196  20:46  Protoss Air Weapons Level 3  
  196  20:47  Protoss Air Armor Level 3  
  196  20:48  Probe  
  197  20:52  Probe  
  198  21:00  Probe  
  199  21:04  Probe  
  183  21:44  Observer  
  184  21:56  Twilight Council  
  184  22:04  Phoenix x2  
  184  22:05  Phoenix x3  
  184  22:06  Observer  
  195  22:08  Probe  
  195  22:14  Photon Cannon  
  196  22:17  Photon Cannon  
  196  22:18  Photon Cannon  
  196  22:20  Photon Cannon  
  196  22:21  Shield Battery  
  196  22:24  Shield Battery  
  196  22:27  Shield Battery  
  196  22:28  Pylon  
  196  22:29  Shield Battery  
  196  22:31  Shield Battery, Pylon  
  196  22:32  Pylon  
  196  22:33  Photon Cannon  
  196  22:36  Pylon, Photon Cannon  
  196  22:38  Pylon  
  196  22:39  Pylon  
  196  22:46  Probe x2  
  198  22:56  Phoenix  
  200  23:31  Protoss Shields Level 2  
  164  25:10  Phoenix x2  
  164  25:11  Phoenix x3  
  170  25:29  Stargate  
  170  25:30  Stargate  
  170  25:31  Stargate  
  170  25:32  Nexus  
  170  25:35  Phoenix  
  172  25:36  Assimilator  
  172  25:39  Assimilator  
  172  25:43  Photon Cannon  
  172  25:46  Photon Cannon  
  172  25:48  Photon Cannon  
  172  25:51  Shield Battery  
  172  25:52  Shield Battery  
  172  25:55  Shield Battery  
  172  25:57  Pylon  
  172  26:00  Pylon  
  172  26:29  Void Ray x2  
  172  26:30  Void Ray x5, Photon Cannon  
  172  26:31  Photon Cannon  
  200  26:33  Photon Cannon  
  200  26:34  Photon Cannon  
  197  27:10  Gateway  
  197  27:11  Gateway  
  197  27:13  Gateway  
  197  27:16  Gateway  
  197  27:18  Gateway  
  197  27:19  Gateway  
  197  27:30  Protoss Shields Level 3  
  197  27:38  Forge  
  197  27:40  Forge  
  168  28:59  Probe  
  157  29:07  Probe  
  157  29:08  Void Ray x2  
  126  29:46  Pylon, Protoss Ground Weapons Level 1  
  126  29:47  Protoss Ground Armor Level 1  
  126  29:51  Pylon  
  126  29:52  Zealot x6  
  136  29:53  Photon Cannon  
  136  29:55  Photon Cannon  
  138  30:11  Pylon  
  138  30:13  Pylon  
  138  30:15  Void Ray x2, Pylon  
  138  30:16  Void Ray x4, Zealot x3, Pylon  
  138  30:19  Zealot x3  
  174  30:30  Void Ray  
  178  30:36  Stalker x2  
  178  30:37  Stalker  
  178  30:40  Charge  
  174  30:46  Zealot x2, Stalker  
  186  30:50  Nexus  
  186  30:58  Pylon  
  186  31:00  Photon Cannon  
  186  31:02  Photon Cannon  
  186  31:04  Shield Battery  
  186  31:06  Shield Battery  
  186  31:08  Shield Battery  
  186  31:13  Stalker  
  179  31:25  Protoss Ground Weapons Level 2  
  179  31:28  Protoss Ground Armor Level 2  
  175  31:42  Zealot, Stalker  
  175  31:43  Zealot x2, Stalker x2  
  187  31:54  Assimilator  
  187  31:58  Pylon, Assimilator  
  187  32:00  Pylon  
  187  32:07  Void Ray  
  187  32:08  Void Ray x2  
  199  32:10  Zealot  
  199  32:12  Stalker  
  199  32:13  Zealot  
  197  32:21  Observer  
  194  32:42  Observer  
  195  32:45  Photon Cannon  
  195  32:46  Photon Cannon  
  195  32:48  Photon Cannon  
  195  32:51  Photon Cannon  
  195  32:53  Shield Battery  
  195  32:55  Shield Battery  
  195  32:58  Shield Battery  
  195  32:59  Void Ray, Pylon  
  195  33:01  Pylon  
  199  34:27  Photon Cannon  
  199  34:28  Photon Cannon  
  199  34:30  Pylon  
  199  34:32  Pylon  
  199  34:44  Protoss Ground Armor Level 3  
  155  34:47  Protoss Ground Weapons Level 3  
  155  35:00  Void Ray x2  
  155  35:01  Void Ray x5  
  155  35:05  Zealot x3, Stalker x3  
  195  35:14  Observer  
  195  35:29  Nexus  
  195  35:32  Zealot, Stalker  
  195  35:33  Assimilator  
  199  35:37  Assimilator  
  199  35:40  Pylon  
  199  35:44  Pylon  
  199  35:57  Void Ray  
  195  35:59  Zealot  
  195  36:03  Void Ray x2  
  166  36:06  Void Ray x2  
  166  36:10  Void Ray  
  166  36:13  Void Ray  
  172  36:24  Photon Cannon  
  176  36:27  Photon Cannon  
  176  36:28  Photon Cannon  
  176  36:30  Photon Cannon  
  176  36:31  Photon Cannon  
  176  36:33  Shield Battery  
  176  36:35  Shield Battery  
  176  36:39  Shield Battery, Void Ray  
  176  36:40  Pylon  
  176  36:45  Pylon  
  180  37:01  Void Ray x3  
  180  37:02  Void Ray x2  
  199  37:18  Mothership  
  149  38:12  Void Ray x2  
  160  38:22  Void Ray  
  156  38:40  Void Ray  
  143  39:30  Void Ray  
  143  39:31  Void Ray  
  151  39:33  Zealot x3  
  151  39:34  Zealot  
  151  39:35  Zealot x2  
  163  39:57  Zealot x2  
  163  39:58  Zealot x4  
  163  40:03  Probe  
  176  40:13  Void Ray  
  176  40:14  Void Ray  
  184  40:16  Probe  
  185  40:24  Zealot  
  185  40:25  Zealot x2  
  191  40:56  Void Ray x2  
  127  41:19  Zealot x2  
  127  41:20  Zealot x3  
  132  41:39  Void Ray x2  
  115  41:48  Zealot x6, Pylon  
  115  41:50  Pylon  
  127  42:15  Zealot x5  
  143  42:16  Zealot  
  143  42:22  Void Ray x2  
  151  42:36  Probe  
  148  42:48  Probe  
  148  42:49  Nexus  
  149  42:52  Pylon x2  
  149  44:05  Pylon x2  
  149  44:09  Void Ray x2  
  149  44:17  Nexus  
  149  44:25  Photon Cannon  
  149  44:28  Photon Cannon  
  149  44:32  Assimilator, Photon Cannon  
  149  44:34  Assimilator, Photon Cannon  
  149  44:37  Photon Cannon  
  149  44:39  Photon Cannon  
  149  44:41  Assimilator  
  149  44:42  Photon Cannon  
  149  44:44  Photon Cannon  
  149  44:45  Assimilator  
  149  44:50  Pylon  
  149  44:52  Void Ray x2  
  153  44:53  Pylon  
  153  44:55  Pylon  
  157  45:20  Photon Cannon  
  157  45:21  Photon Cannon  
  157  45:23  Photon Cannon  
  157  45:27  Photon Cannon  
  157  45:28  Photon Cannon  
  157  45:33  Photon Cannon  
  157  46:06  Nexus  
  157  46:08  Assimilator  
  157  46:10  Robotics Facility  
  157  46:12  Probe  
  157  46:13  Assimilator  
  157  46:16  Pylon  
  157  46:18  Pylon  
  158  46:20  Probe, Pylon  
  159  46:30  Probe  
  160  46:42  Probe  
  161  46:54  Probe  
  162  47:19  Photon Cannon  
  162  47:21  Photon Cannon  
  162  47:24  Photon Cannon  
  162  47:25  Probe  
  162  47:28  Photon Cannon  
  163  47:30  Photon Cannon  
  163  47:33  Phoenix x2, Photon Cannon  
  163  47:34  Phoenix x2, Shield Battery  
  171  47:37  Shield Battery  
  171  47:38  Probe  
  171  47:40  Shield Battery  
  172  47:50  Probe  
  404  47:58  Phoenix  
  173  48:02  Probe x2  
  177  48:06  Phoenix  
  177  48:07  Phoenix x2  
  183  48:14  Probe  
  183  48:16  Probe  
  185  48:20  Photon Cannon  
  185  48:22  Photon Cannon  
  185  48:23  Photon Cannon  
  185  48:26  Shield Battery  
  185  48:28  Shield Battery, Probe  
  185  48:29  Shield Battery  
  185  48:32  Shield Battery  
  186  48:39  Observer  
  186  48:40  Probe  
  188  48:52  Probe  
  189  48:57  Probe  
  189  49:00  Observer  
  191  49:04  Probe  
  191  49:09  Probe  
  193  49:22  Probe  
  163  49:34  Probe  
  163  49:38  Zealot x5  
  172  49:39  Zealot  
  176  49:46  Probe  
  175  50:05  Stalker x5  
  175  50:06  Stalker  
  187  50:15  Pylon  
  155  51:53  Phoenix x2  
  155  51:54  Phoenix x2, Nexus  
  161  51:58  Assimilator  
  163  52:01  Assimilator  
  163  52:05  Pylon  
  163  52:06  Pylon  
  163  52:09  Pylon  
  163  52:13  Photon Cannon  
  163  52:14  Photon Cannon  
  163  52:16  Photon Cannon  
  163  52:17  Observer  
  164  52:23  Zealot  
  164  52:24  Zealot x5  
  176  52:38  Observer  
  177  52:50  Stalker  
  177  52:51  Zealot x3, Stalker x2  
  189  53:00  Stargate, Observer  
  189  53:03  Stargate  
  190  53:13  Stargate  
  190  53:18  Zealot, Stalker x2  
  196  53:20  Zealot  
  196  53:21  Stalker  
  200  53:48  Photon Cannon  
  200  53:49  Photon Cannon  
  200  53:51  Photon Cannon  
  200  53:52  Shield Battery  
  200  53:53  Shield Battery  
  200  53:56  Pylon  
  200  53:57  Photon Cannon  
  200  53:59  Photon Cannon  
  200  54:01  Pylon  
  145  54:35  Tempest x4  
  145  54:36  Tempest x2  
  149  56:06  Zealot x2  
  148  56:33  Zealot x2  
  150  57:00  Zealot  
  150  57:01  Zealot  
  153  57:24  Gateway  
  153  57:25  Gateway  
  153  57:27  Zealot  
  153  57:28  Zealot  
  153  57:29  Gateway  
  157  57:37  Phoenix x3  
  157  57:38  Phoenix x4  
  165  57:55  Zealot x2  
  169  58:02  Phoenix x2  
  161  58:17  Zealot x3  
  160  58:33  Phoenix x2  
  160  58:34  Phoenix x4  
  166  58:35  Phoenix  
  174  58:42  Zealot x3  
  178  58:58  Phoenix  
  180  59:09  Zealot x3  
  157  59:36  Zealot x3  
  149  59:55  Zealot x3  
  149  59:58  Void Ray x5  
  149  59:59  Void Ray  
  179  60:20  Zealot x3  
  161  60:47  Zealot x2  
  142  61:22  Phoenix x2  
  142  61:23  Phoenix x4  
  142  61:24  Phoenix  
  135  62:14  Phoenix  
  135  62:15  Phoenix x6  
  145  62:18  Zealot x3  
  143  62:45  Zealot x3  
  149  62:54  Probe  
  150  63:06  Probe  
Tags
 
Add a new tag
Caveats
  • Supply blocks, unpowered buildings, or Contaminate may cause inaccurate times.
  • Supply counts are checked every 10 seconds.